Unix NetHack Version 3.7.0-90 Work-in-progress - last build Dec 4 2023 15:25:40 (a4ad6ea61a8c493010e15c9251bbb19a34919cb7,branch:master). Game began 2023-12-07 17:52:46, ended 2023-12-08 11:11:53. elenmirie, neutral female human Priestess --------------------- ----------- |.....|.............| |.........| --------- |.|.|.|.|.{...|.|.-----.-----...| |...|...| |.|.|...|.... |.|...........|...| ---.--|.|.--- |.|.|...|.----|.---.-----.-----.| |.*.| |.|...| |.|.|...|.....|.........|.......| |.-----.|.|.-----[|...|----.|---------|.---.--| |....%..|.|...%...|...| |.|.| |...| |--------.|----.---.|.|--.|.| |.--|.-.|. |...^.%...|.....|...|.|.....| |.| |...... |.-----------.|.|.--|.|.----| |.---....... |.|....*|.....| |.| |...|...| |.......)... |.+....*|.---.---.| ---.|.|[|----------.-.|.-----.|... |.|.....|.|.|.....| |.|.|.|...|.....^.....| |Z|.. |.|-----|.|.------- |.|.|.|.|.|.|.--------- |@| |.|.....|.|.....| |...|.|.|...|.| ..... |.|.|.---.-----.| -----.|.-----*| ----- |...|.^^........| |...........| ----------------- ------------- Elenmirie the Adept St:18/03 Dx:13 Co:14 In:10 Wi:18 Ch:10 Neutral Dlvl:11 $:59 HP:0(68) Pw:64(123) AC:3 Xp:9/4385 T:9020 Burdened Latest messages: The vampire bat bites! The vampire bat bites again! You hit the vampire bat! The vampire bat bites! The vampire bat bites again! You kill the vampire bat! The seemingly dead vampire bat suddenly transforms and rises as a vampire! You hit the vampire! The vampire hits! The vampire bites! The vampire hits! The vampire bites! You hit the vampire! The vampire hits! The vampire bites! You hit the vampire! You hit the vampire! You are almost hit by a spear. The vampire hits! The vampire bites! You avoid harm. You are hit by a dart. The vampire hits! The vampire bites! You destroy the vampire! A dart misses you. In what direction? . You feel better. In what direction? . You feel better. The Green-elf swings her runed broadsword. The Green-elf hits! You hit the Green-elf! The Green-elf swings her runed broadsword. The Green-elf hits! The giant zombie misses the Green-elf. The giant zombie hits the Green-elf. You kill the Green-elf! You hit the giant zombie! The giant zombie hits! The giant zombie hits again! You hit the giant zombie! The giant zombie hits! The giant zombie hits again! You die... Do you want your possessions identified? [ynq] (y) y Do you want to see your attributes? [ynq] (y) y Do you want an account of creatures vanquished? [ynaq] (y) y Do you want to see your conduct and achievements? [ynq] (y) y Do you want to see the dungeon overview? [ynq] (y) y Inventory: Coins $ - 59 gold pieces Amulets H - an uncursed amulet of reflection (being worn) Weapons P - 14 blessed +0 darts p - 68 uncursed +0 darts (at the ready) X - 29 uncursed +0 darts Y - a blessed poisoned +2 dart d - an uncursed poisoned +0 dart Z - 46 uncursed poisoned +0 darts a - a blessed very corroded +4 mace (weapon in right hand) Armor B - an uncursed +0 pair of gauntlets of dexterity (being worn) M - an uncursed rotted +0 pair of speed boots (being worn) c - an uncursed burnt +0 small shield (being worn) b - an uncursed very burnt rotted +0 robe (being worn) V - an uncursed +0 studded leather armor (being worn) Comestibles C - an uncursed carrot l - an uncursed clove of garlic i - 7 uncursed food rations k - 4 uncursed fortune cookies O - an uncursed K-ration f - an uncursed sprig of wolfsbane L - an uncursed lizard corpse Rings v - an uncursed ring of conflict U - a blessed +5 ring of gain strength (on right hand) D - an uncursed ring of invisibility Wands t - an uncursed wand of digging (0:8) F - an uncursed wand of digging (0:7) q - an uncursed wand of digging (0:6) m - an uncursed wand of fire (0:2) s - an uncursed wand of lightning (0:6) z - an uncursed wand of lightning (0:4) h - an uncursed wand of secret door detection (0:11) A - an uncursed wand of striking (0:5) Tools w - an uncursed sack containing 14 items r - an uncursed magic harp (0:7) n - an uncursed tooled horn x - an uncursed blindfold j - an uncursed magic whistle G - a blessed oil lamp (lit) e - an uncursed skeleton key o - an uncursed partly used tallow candle (lit) Gems/Stones K - an uncursed luckstone Contents of the sack: 588 gold pieces an uncursed scroll of enchant armor an uncursed scroll of enchant weapon a cursed scroll of identify 2 uncursed scrolls of light a cursed scroll of teleportation an uncursed potion of confusion an uncursed potion of gain energy an uncursed potion of hallucination 2 uncursed potions of object detection an uncursed potion of see invisible a cursed potion of see invisible an uncursed potion of sleeping 3 potions of holy water Elenmirie the Priestess's attributes: Background: You were an Adept, a level 9 human Priestess. You were neutral, on a mission for Ishtar who was opposed by Anu (lawful) and Anshar (chaotic). You were right-handed. You were in the Gnomish Mines, on level 11. You entered the dungeon 9020 turns ago. You had 4385 experience points, 735 more were needed to attain level 10. Basics: You had 0 out of 68 hit points. You had 64 out of 123 energy points (spell power). Your armor class was 3. Your wallet contained 59 zorkmids, and you had 588 more stashed away in your pack. Autopickup was on for '$' plus thrown. Final Characteristics: Your strength was 18/03 (base:16, limit:18/100). Your dexterity was 13 (peak:14, limit:18). Your constitution was 14 (limit:18). Your intelligence was 10 (limit:18). Your wisdom was 18 (limit:18). Your charisma was 10 (limit:18). Final Status: You weren't hungry. You were burdened; movement was slightly slowed. You were wielding a mace. You had expert skill with mace. Final Attributes: You were piously aligned. You were cold resistant. You could teleport. You had teleport control. You had a small defense bonus (+3). You were guarded. You were very fast. You had reflection. You were lucky. You had extra luck. Bad luck did not time out for you. Good luck did not time out for you. You are dead. Miscellaneous: You never encountered a bones level. Total elapsed playing time was 3 hours, 22 minutes and 11 seconds. Major events: Turn 1: elenmirie the neutral human Priestess entered the dungeon 1407: entered the Gnomish Mines 1408: attained the rank of Acolyte (level 3) 1922: attained the rank of Adept (level 6) 2638: reached Mine Town 4010: entered Sokoban 4237: completed 1st Sokoban level 6434: completed 2nd Sokoban level 6748: completed 3rd Sokoban level 7461: completed 4th Sokoban level 7590: acquired the Sokoban amulet of reflection 9020: killed by a giant zombie Vanquished creatures: a vampire leader a vampire 2 giant mimics a warg 2 small mimics a warhorse an ogre leader a gelatinous cube a pyrolisk a freezing sphere a flaming sphere a gargoyle a dwarf ruler a tengu 3 ochre jellies an energy vortex a mountain centaur 2 elf mummies a soldier 3 chameleons a cockatrice a winter wolf cub a gremlin 2 leprechauns an orc-captain a mumak a giant spider 2 black lights a vampire bat a forest centaur 2 dwarf mummies 5 brown puddings a rust monster a gold golem a werewolf a Green-elf 2 lizards 2 blue jellies a gnome mummy 2 snakes 2 apes 2 human zombies a Woodland-elf a soldier ant 3 fire ants a bugbear an imp a quasit a wood nymph a water nymph 2 mountain nymphs a Mordor orc 2 rock piercers a fog cloud 2 yellow lights 15 gnome leaders 5 gnomish wizards 2 kobold mummies a gray ooze 2 barrow wights an elf zombie a paper golem a baby crocodile 2 giant ants 3 floating eyes 2 kittens 14 dwarves a homunculus a kobold leader 2 rothes a giant bat a dwarf zombie 4 iguanas a hobbit 3 manes 4 hobgoblins a giant rat 3 cave spiders a yellow mold 3 red molds 52 gnomes a garter snake 3 gnome zombies 5 geckos 2 jackals 3 foxes a kobold a goblin 9 grid bugs a bat 9 lichens 2 kobold zombies 5 newts 248 creatures vanquished. No species were genocided or became extinct. Voluntary challenges: You read items or engraved 6 times. You never engraved Elbereth. You never genocided any monsters. You never polymorphed an object. You never changed form. You used no wishes. You violated the special Sokoban rules once. Achievements: You entered a shop. You entered the Gnomish Mines. You attained the rank of Acolyte. You attained the rank of Adept. You entered Minetown. You entered a temple. You entered Sokoban. You completed Sokoban. The Dungeons of Doom: levels 1 to 10 Level 1: Level 2: Level 3: A general store, a fountain. Stairs down to The Gnomish Mines. Level 4: An altar, some fountains. Level 5: Many fountains. Oracle of Delphi. Level 6: Stairs up to Sokoban, level 5. Level 7: Level 8: A fountain. Level 9: Level 10: A shop. The Gnomish Mines: levels 4 to 11 Level 4: Level 5: Level 6: Many shops, a temple and an altar, some fountains. Level 7: Level 8: Level 9: Level 10: Level 11: <- You were here. A fountain. Final resting place for you, killed by a giant zombie. Sokoban: levels 5 up to 2 Level 2: Solved. Level 3: Solved. Level 4: Solved. Level 5: Solved. Game over: ---------- / \ / REST \ / IN \ / PEACE \ / \ | elenmirie | | 647 Au | | killed by a | | giant zombie | | | | | | 2023 | *| * * * | * _________)/\\_//(\/(/\)/\//\/|_)_______ Goodbye elenmirie the Priestess... You died in The Gnomish Mines on dungeon level 11 with 18633 points, and 647 pieces of gold, after 9020 moves. You were level 9 with a maximum of 68 hit points when you died.